 Dungeon Crawl Stone Soup version 0.28.0-47-ge53b351184 (webtiles) character file.

Game seed: 6521114949524124924

6679 Exodus22XD the Thaumaturge (level 10, -30/50 HPs)
             Began as a Deep Elf Conjurer on Apr 29, 2022.
             Was a Priest of Vehumet.
             Shot with an arrow by a centaur warrior (35 damage)
             ... on level 8 of the Dungeon.
             The game lasted 01:15:13 (13453 turns).

Exodus22XD the Thaumaturge (Deep Elf Conjurer)     Turns: 13453, Time: 01:15:13

Health: -30/50     AC:  9    Str:  6    XL:     10   Next: 73%
Magic:  11/27      EV: 16    Int: 33    God:    Vehumet [***...]
Gold:   68         SH:  5    Dex: 13    Spells: 18/32 levels left

rFire   + . .      SeeInvis +   F - +10 rapier "Nunistra" {speed, *Rage Str+3 Int+5}
rCold   + . .      Faith    .   (no shield)
rNeg    + + +      Spirit   .   E - +2 robe {rC+}
rPois   .          Reflect  +   k - +0 helmet
rElec   .          Harm     .   z - +1 cloak of Good Intentions {rN++ Str-3 Slay+3 SInv}
rCorr   .          Rampage  .   q - +1 pair of gloves
Will    +....      Rage     20% (no boots)
Stlth   ++........              d - amulet of reflection
HPRegen 0.16/turn               v - ring "Xabry" {rN+ Str+2}
MPRegen 0.20/turn               M - ring of protection from fire

@: about to teleport
A: no striking features
a: Renounce Religion


You were on level 8 of the Dungeon.
You worshipped Vehumet.
Vehumet was most pleased with you.
You visited 2 branches of the dungeon, and saw 9 of its levels.
You also visited: Ossuary.

You collected 464 gold pieces.
You spent 396 gold pieces at shops.

Inventory:

Hand Weapons
 c - a +2 dagger of speed
 p - a +1 hand axe of electrocution
 F - the +10 rapier "Nunistra" (weapon) {speed, *Rage Str+3 Int+5}
   (You took it off a wight on level 6 of the Dungeon)

   Attacks with this weapon are significantly faster.
   Str:       It affects your strength (+3).
   Int:       It affects your intelligence (+5).
   *Rage:     It berserks you when you make melee attacks (+20% chance).
Armour
 k - a +0 helmet (worn)
 q - a +1 pair of gloves (worn)
 z - the +1 cloak of Good Intentions (worn) {rN++ Str-3 Slay+3 SInv}
   (You found it on level 8 of the Dungeon)

   Str:       It affects your strength (-3).
   Slay:      It affects your accuracy & damage with ranged weapons and melee
   (+3).
   rN:        It greatly protects you from negative energy.
   SInv:      It lets you see invisible.
 E - a +2 robe of cold resistance (worn)
Magical Staves
 G - a staff of air
 H - a staff of poison
Jewellery
 d - an amulet of reflection (around neck)
 s - a ring of ice
 v - the ring "Xabry" (left hand) {rN+ Str+2}
   (You found it on level 5 of the Dungeon)

   [ring of positive energy]

   Str:       It affects your strength (+2).
   rN:        It protects you from negative energy.
 M - a ring of protection from fire (right hand)
 N - an amulet of the acrobat
Wands
 o - a wand of flame (17)
 D - a wand of polymorph (7)
 P - a wand of paralysis (12)
Scrolls
 a - 2 scrolls of fear
 g - a scroll of vulnerability
 i - 2 scrolls of enchant weapon {unknown}
 u - a scroll of immolation {unknown}
 x - 2 scrolls of teleportation
 y - a scroll of enchant armour {unknown}
 A - a scroll of summoning {unknown}
 B - a scroll of holy word {unknown}
 J - 2 scrolls of blinking {unknown}
 K - a scroll of torment {unknown}
 L - a scroll of amnesia {unknown}
 O - a scroll of identify
Potions
 b - a potion of might {unknown}
 e - 3 potions of curing
 f - 3 potions of lignification
 h - a potion of mutation {unknown}
 j - a potion of berserk rage {unknown}
 l - a potion of degeneration {unknown}
 m - 3 potions of brilliance
 n - a potion of attraction {unknown}
 r - 3 potions of heal wounds
 t - 3 potions of flight {unknown}
 w - a potion of resistance {unknown}
 C - 2 potions of invisibility {unknown}
 I - 2 potions of haste {unknown}


   Skills:
 - Level 10.0 Dodging
 - Level 2.4 Stealth
 - Level 11.5 Spellcasting
 + Level 11.0 Conjurations
 - Level 7.5 Earth Magic


You had 18 spell levels left.
You knew the following spells:

 Your Spells              Type           Power      Damage    Failure   Level
a - Magic Dart            Conj           100%       1d8       1%          1
b - Searing Ray           Conj           100%       2d8       1%          2
c - Lee's Rapid Deconstr  Erth           31%        3d17*     1%          5
d - Iron Shot             Conj/Erth      34%        9d7       2%          6

Your spell library contained the following spells:

 Spells                   Type           Power      Damage    Failure   Level
 Scorch                   Fire           38%        2d7       1%          2
 Dazzling Flash           Conj/Hex       100%       N/A       1%          3
 Fulminant Prism          Conj/Hex       26%        3d14      1%          4
 Iskenderun's Mystic Bla  Conj/Tloc      53%        2d11      1%          4
 Frozen Ramparts          Ice            38%        1d5       2%          3
 Animate Armour           Summ/Erth      86%        N/A       5%          4
 Ice Form                 Ice/Tmut       19%        N/A       24%         4
 Summon Ice Beast         Ice/Summ       19%        N/A       24%         4
 Blade Hands              Tmut           9%         N/A       56%         5


Dungeon Overview and Level Annotations

Branches:
Dungeon (8/15)             Temple (1/1) D:4         Ossuary (visited)
   Lair: D:8-11

Altars:
Ashenzari
Cheibriados
Dithmenos
Elyvilon
Fedhas
Gozag
Hepliaklqana
Kikubaaqudgha
Makhleb
Nemelex Xobeh
Okawaru
Qazlal
Sif Muna
Trog
Uskayaw
Vehumet
Wu Jian
Yredelemnul
Zin
The Shining One

Shops:
D:1 :   D:3 [

Annotations:
D:4 2 runed translucent doors, 101zpm's ghost, amateur GnAE
D:7 Harold
D:8 3 runed translucent doors, DildoBatman's ghost, novice FoCj


Message History

Aiming: Magic Dart (safe; 1% risk of failure)
Press: ? - help, Shift-Dir - straight line, f - bullfrog
Aim: a bullfrog (100% to hit)
The magic dart hits the bullfrog.
The bullfrog is lightly wounded.
Casting: Magic Dart (safe; 1% risk of failure)
Confirm with . or Enter, or press ? or * to list all spells.
Aiming: Searing Ray (safe; 1% risk of failure)
Press: ? - help, Shift-Dir - straight line, f/p - bullfrog
Aim: a bullfrog (lightly wounded, 79% to hit)
The searing ray misses the bullfrog. (Press . to maintain the ray.)
The bullfrog hits you but does no damage.
The searing ray hits the bullfrog.
The bullfrog is moderately wounded.
The bullfrog misses you. The bullfrog closely misses you.
The searing ray hits the bullfrog!
The bullfrog is severely wounded.
The bullfrog swells and bulges.
The bullfrog closely misses you.
The searing ray hits the bullfrog!
You kill the bullfrog!
Vehumet accepts your kill.
You feel your power returning.
You finish channelling your searing ray.
A centaur warrior comes into view.
The centaur warrior wields a +0 longbow.
The centaur warrior shoots an arrow.
The arrow hits you!!
You hear an angry hiss.
Your Conjurations skill increases to level 11!
Okay, then.
Unknown command.
As you read the scroll of teleportation, it crumbles to dust.
You feel strangely unstable.
The centaur warrior shoots an arrow.
The arrow barely misses you.
The centaur warrior shoots an arrow.
The arrow hits you!!
* * * LOW HITPOINT WARNING * * *
The centaur warrior shoots an arrow.
The arrow hits you!!
Ouch! That really hurt!
You die...

.......≈# .# ..#
.....#.≈# ..# ..#
.......≈####..# c.####
....##.≈......####......
..#..#.≈......#≈≈≈.....
.......≈......#≈8≈..####
[###...≈#+#####≈≈≈.....#
.# #...≈#....).......#
.# #...≈#.......@....#
##
#...≈#..###..#.......≈ #
#...≈#..# #..#.##....≈
####...≈#... #..#..
....#
.......≈######..####
.... .[.....#≈≈≈≈≈≈≈≈≈
#.. ####..........####
#. #.......o.....
#.....y....#


You could see a centaur warrior.

Vanquished Creatures
  Maurice (D:8)
  Maggie (D:7)
  2 hornets (D:8)
  A troll (D:8)
  Prince Ribbit (D:6)
  A shadow (D:8)
  Sigmund (D:5)
  A wraith (D:7)
  2 steam dragons (D:8)
  Menkaure (D:6)
  A water moccasin (D:8)
  2 sky beasts
  Duvessa (D:6)
  2 orc warriors (D:8)
  An ice beast (D:7)
  2 black bears
  4 ogres
  A centaur (D:7)
  2 kobold brigands
  4 bullfrogs
  2 gnoll sergeants
  2 scorpions (D:6)
  2 wyvern zombies
  A wyvern skeleton (D:6)
  Dowan (D:6)
  A killer bee (D:8)
  23 wights
  An electric eel (D:6)
  2 howler monkeys (D:7)
  2 bullfrog zombies (D:6)
  4 centaur zombies
  3 orc priests
  2 hounds
  A jelly (D:6)
  A bullfrog skeleton (D:4)
  2 centaur skeletons
  3 gnoll shamans
  3 iguanas
  2 orc wizards (D:4)
  Natasha (thrice) (D:2)
  A killer bee zombie (D:6)
  A hound zombie (D:5)
  A hound skeleton (D:4)
  2 mummies (Ossuary)
  20 gnolls
  4 adders
  4 ufetubi
  2 adder zombies (Ossuary)
  2 adder skeletons (D:4)
  A worm (D:2)
  A dart slug (D:2)
  15 orcs
  4 endoplasms
  2 giant cockroaches (D:2)
  11 goblins
  11 hobgoblins
  7 jackals
  14 kobolds
  7 quokkas
  12 ball pythons
  7 bats
  3 frilled lizards
  3 goblin zombies (Ossuary)
  13 hobgoblin zombies (Ossuary)
  10 kobold zombies (Ossuary)
  6 orc zombies (Ossuary)
  5 rats
  2 rat zombies (Ossuary)
264 creatures vanquished.

Vanquished Creatures (others)
  10 fungi (D:8)
  2 plants (D:8)
12 creatures vanquished.

Grand Total: 276 creatures vanquished

Notes
Turn   | Place    | Note
-------+----------+-------------------------------------------
     0 | D:1      | Exodus22XD the Deep Elf Conjurer began the quest for the
                  | Orb.
     0 | D:1      | Reached XP level 1. HP: 10/10 MP: 6/6
   227 | D:1      | Reached XP level 2. HP: 15/15 MP: 1/9
   304 | D:1      | Learned a level 2 spell: Searing Ray
   885 | D:1      | Found Tyqac's Book Boutique.
  1115 | D:1      | Found a faded altar of an unknown god.
  1370 | D:2      | Noticed Natasha
  1373 | D:2      | Reached XP level 3. HP: 19/19 MP: 8/11
  1375 | D:2      | Reached skill level 5 in Spellcasting
  1417 | D:2      | Killed Natasha
  1793 | D:2      | Reached XP level 4. HP: 24/24 MP: 10/13
  1975 | D:2      | Noticed Natasha
  2049 | D:2      | Killed Natasha
  2094 | D:2      | Noticed Natasha
  2098 | D:2      | Killed Natasha
  2099 | D:2      | Reached XP level 5. HP: 26/28 MP: 11/16
  3029 | D:3      | Found Edukash's Armour Shop.
  3275 | D:3      | Reached skill level 5 in Conjurations
  3473 | D:4      | Found a large runed translucent door.
  3474 | D:4      | Found a large runed translucent door.
  3475 | D:4      | Noticed 101zpm's ghost (amateur GnAE)
  3650 | D:4      | Reached XP level 6. HP: 32/32 MP: 12/18
  4095 | D:4      | Found a bloodstained altar of Trog.
  4210 | D:4      | Found a staircase to the Ecumenical Temple.
  4227 | Temple   | Entered the Ecumenical Temple
  4616 | D:4      | Found a hide-covered altar of Uskayaw.
  4695 | D:4      | Reached XP level 7. HP: 32/36 MP: 15/20
  4919 | D:5      | Entered Level 5 of the Dungeon
  5479 | D:5      | Found a basalt altar of Yredelemnul.
  5575 | D:5      | Identified the ring "Xabry" {rN+ Str+2}
  5925 | D:5      | Reached XP level 8. HP: 39/41 MP: 16/23
  6039 | D:5      | Noticed Sigmund
  6131 | D:5      | Found a radiant altar of Vehumet.
  6148 | D:5      | Became a worshipper of Vehumet
  6352 | D:6      | Reached skill level 10 in Spellcasting
  6423 | D:6      | Noticed Prince Ribbit
  6437 | D:6      | Killed Prince Ribbit
  6570 | D:6      | Found a sand-covered staircase.
  6667 | Ossuary  | Entered an ossuary
  6932 | Ossuary  | Reached * piety under Vehumet
  6932 | Ossuary  | Offered knowledge of Freeze by Vehumet.
  7285 | D:6      | Noticed Menkaure
  7575 | D:6      | Noticed Duvessa
  7592 | D:6      | Killed Duvessa
  7827 | D:6      | Offered knowledge of Poisonous Vapours by Vehumet.
  7830 | D:6      | Reached ** piety under Vehumet
  7838 | D:6      | Reached XP level 9. HP: 45/45 MP: 16/26
  7862 | D:6      | Reached skill level 10 in Conjurations
  7918 | D:6      | Noticed Dowan
  7935 | D:6      | Killed Dowan
  8284 | D:6      | Killed Menkaure
  8445 | D:6      | Found a stormy altar of Qazlal.
  8476 | D:6      | Identified the +10 rapier "Nunistra" {speed, *Rage Str+3
                  | Int+5}
  8761 | D:6      | Reached skill level 5 in Dodging
  9229 | D:7      | Found a broken altar of Ashenzari.
  9491 | D:7      | Offered knowledge of Scorch by Vehumet.
  9748 | D:7      | Noticed Harold
  9771 | D:7      | Found an ancient bone altar of Kikubaaqudgha.
 10026 | D:7      | Noticed Maggie
 10061 | D:7      | Killed Maggie
 10489 | D:8      | Found an opulent altar of Gozag.
 10548 | D:8      | Found a blossoming altar of Fedhas.
 10577 | D:8      | Found a runed translucent gate.
 10578 | D:8      | Found a runed translucent gate.
 10908 | D:7      | Found a sparkling altar of Nemelex Xobeh.
 11256 | D:8      | Noticed Maurice
 11451 | D:8      | Reached XP level 10. HP: 50/50 MP: 21/27
 11484 | D:8      | Reached skill level 10 in Dodging
 11632 | D:1      | Bought a book of Iron for 396 gold pieces
 11638 | D:1      | Learned a level 5 spell: Lee's Rapid Deconstruction
 11645 | D:1      | Learned a level 6 spell: Iron Shot
 11806 | D:5      | Killed Sigmund
 11807 | D:5      | Reached skill level 1 in Earth Magic
 11812 | D:5      | Found a hazy altar of Hepliaklqana.
 12700 | D:8      | Reached *** piety under Vehumet
 12701 | D:8      | Reached skill level 5 in Earth Magic
 13203 | D:8      | Identified the +1 cloak of Good Intentions {rN++ Str-3
                  | Slay+3 SInv}
 13268 | D:8      | Found a runed translucent gate.
 13273 | D:8      | Noticed DildoBatman's ghost (novice FoCj)
 13437 | D:8      | Killed Maurice
 13451 | D:8      | Noticed a centaur warrior
 13453 | D:8      | Shot with an arrow by a centaur warrior

Illustrated notes

Levels and vault maps discovered:
D:1:      elethiomel_arrival_maze, layout_basic, serial_shops,
          nicolae_shop_behind_doors, shapermc_ecumenical_altar_ellora,
          chequers_serial_rivers_micro_e
D:2:      layout_rooms, minmay_tall_x, uniq_natasha
D:3:      layout_loops_ring, serial_shops, shop
D:4:      layout_basic, nicolae_overflow_crystal_walls,
          eat_drink_and_be_merry_uskayaw, minmay_temple_entry_proselytizer,
          ebering_ghost_disaster_area
D:5:      layout_gridville, nicolae_vehumet_radiance,
          mainiacjoe_overflow_tiny_flanked, worldfamousw_hep_ancestral_shrine,
          minmay_increasing_density, uniq_sigmund
D:6:      layout_basic, nicolae_qazlal_general_emergency, enter_ossuary_5,
          nrook_pool_corridor, uniq_menkaure, uniq_duvessa, uniq_prince_ribbit1
D:7:      layout_layer_cave, mainiacjoe_overflow_six_doors_small,
          nicolae_kikubaaqudgha_miasma_corner, kennysheep_mini, serial_rivers,
          chequers_serial_rivers_marsh, chequers_serial_rivers_marsh,
          chequers_serial_rivers_small_a, chequers_serial_rivers_micro_c,
          chequers_serial_rivers_marsh, chequers_serial_rivers_micro_a,
          hangedman_decor_clover_reticule, uniq_harold, uniq_maggie
D:8:      cheibrodos_ideogram_h, layout_rooms, mainiacjoe_overflow_brackets,
          fedhas_altar_3, gammafunk_ghost_spectres, uniq_maurice
Temple:   compressed_dpeg_triangle_lava_temple

Skill      XL: |  1  2  3  4  5  6  7  8  9 10 |
---------------+-------------------------------+-----
Spellcasting   | 4 5 7 9 11 | 11.5
Conjurations   | 5 7 8 9 10 11 | 11.0
Dodging        | 9 10 | 10.0
Earth Magic    | 7 |  7.5
Stealth        | |  2.4

Action                   |  1- 3 |  4- 6 |  7- 9 | 10-12 || total
-------------------------+-------+-------+-------+-------++-------
Melee: Dagger            |     2 |       |       |       ||     2
       Hand axe          |       |       |     2 |       ||     2
       Rapier            |       |       |     1 |       ||     1
Throw: Throwing net      |       |       |     1 |       ||     1
 Cast: Magic Dart        |    71 |   117 |   214 |    46 ||   448
       Searing Ray       |       |    13 |    74 |    36 ||   123
       Iron Shot         |       |       |       |     4 ||     4
       Lee's Rapid Decon |       |       |       |     4 ||     4
Evoke: Wand              |       |       |     1 |       ||     1
  Use: Potion            |       |       |     1 |       ||     1
       Scroll            |       |       |     2 |     4 ||     6
Armor: Robe              |     1 |     4 |    19 |    20 ||    44
Dodge: Dodged            |     6 |    11 |    54 |    53 ||   124
Block: Other             |       |     2 |    27 |    13 ||    42
       Reflection        |       |       |     1 |     2 ||     3
